cohdb
Replays
Latest Replays
All Replays
Popular Replays
Top Player Replays
Match Explorer
How It Works
Community
CoH3 Stats
Reddit
Sign in to upload your games and track your stats! →
Sign in with Steam
Match 40691889
Unlisted
Match 40691889
Overview
Messages
Build Orders
End
Construct Weapon Support Center
Selects Special Operations Battlegroup
Engineer Squad
M1919 Machine Gun Team
Bazooka Squad
Construct Barracks
Riflemen Squad
.30 cal Machine Gun
Riflemen Squad
Grenade Package
Selects M29 Weasel Recon Vehicle
M29 Weasel Recon Vehicle
Construct Medical Station
Mechanized Support Center
M3 Armored Personnel Carrier
Construct Tank Depot
Selects Mark Vehicle
M4A1 76mm Conversion
Selects M4A1 Sherman Whizbang
M4A1 Sherman Whizbang
M4A1(76) Sherman Medium Tank
.30 cal Machine Gun
AI Takeover
Ali_F6o
MerlinGrisu
broodwarjc
Quasar
0
0
Comments
sign in to comment!
No comments posted yet!